 Dungeon Crawl Stone Soup version 0.30.1-11-g7821555f0a (webtiles) character file.

Game seed: 5173463380225383109

2 comborobin the Sneak (level 1, -2/20 HPs)
             Began as a Minotaur Delver on Nov 19, 2023.
             Slain by an adder (3 damage)
             ... on level 4 of the Dungeon.
             The game lasted 00:00:24 (243 turns).

comborobin the Sneak (Minotaur Delver)               Turns: 243, Time: 00:00:24

Health: -2/20      AC:  3    Str: 16    XL:     1   Next: 33%
Magic:  0/0        EV: 11    Int:  7    God:
Gold:   13         SH:  0    Dex: 11    Spells: 0/0 levels left

rFire   . . .        a - +0 hand axe
rCold   . . .        (no shield)
rNeg    . . .        b - +0 leather armour
rPois   .            (helmet restricted)
rElec   .            (no cloak)
rCorr   .            (no gloves)
SInv    .            (no boots)
Will    .....        (no amulet)
Stlth   ++           (no ring)
HPRegen 0.23/turn    (no ring)
MPRegen 0.07/turn

%: no passive effects
@: lethally poisoned (-2 -> -5), hasted, very quick
A: horns 2, retaliatory headbutt
a: no special abilities


You were on level 4 of the Dungeon.
You visited 1 branch of the dungeon, and saw 3 of its levels.

You collected 13 gold pieces.

Inventory:

Hand Weapons
 a - a +0 hand axe (weapon)
Armour
 b - a +0 leather armour (worn)
Jewellery
 h - a ring of flight
Wands
 g - a wand of digging (9)
Scrolls
 c - a scroll of fog
 d - a scroll of identify {unknown}
 e - a scroll of fear


   Skills:
 + Level 3.6 Fighting
 * Level 2.6 Axes
 + Level 0.3 Armour
 - Level 2.1 Dodging
 - Level 4.1 Stealth


You couldn't memorise any spells.
You didn't know any spells.
Your spell library contained the following spells:

 Spells                   Type           Power      Damage    Failure   Level
 Dazzling Flash           Conj/Hex       0%         N/A       86%         3
 Agony                    Necr           0%         N/A       100%        5
 Silence                  Hex/Air        0%         N/A       100%        5


Dungeon Overview and Level Annotations

Branches:
Dungeon (6/15)
 Temple: D:4-7

Altars:


Innate Abilities, Weirdness & Mutations

You have a pair of horns on your head.
You reflexively headbutt those who attack you in melee.


Message History

Found a stone staircase leading down.
You now have 13 gold pieces.
No target in view!
You see here a +0 short sword.
There is a stone staircase leading down here.
You pick up a book of the Senses and begin reading...
You add the spells Dazzling Flash, Agony and Silence to your library.
No target in view!
Found a hand axe.
No target in view!
An adder comes into view.
Found 19 gold pieces.
Found a moonstone ring.
Found an escape hatch in the floor.
Okay, then.
The helpless adder fails to defend itself.
You hit the adder but do no damage. The adder bites you.
You are poisoned.
The adder poisons you! The adder bites you but does no damage.
You barely miss the adder.
You feel sick. The adder bites you.
You miss the adder. Your headbutt misses the adder.
You feel sick. The adder misses you. The adder bites you but does no damage.
You miss the adder.
You feel sick. The adder bites you.
You barely miss the adder.
You feel sick. The adder barely misses you.
The adder bites you but does no damage.
You miss the adder.
You feel sick. The adder bites you.
* * * LOW HITPOINT WARNING * * *
You are lethally poisoned!
The adder poisons you!
* * * LOW HITPOINT WARNING * * *
You feel sick. The adder bites you.
* * * LOW HITPOINT WARNING * * *
You see here a ring of flight.
h - a ring of flight
* * * LOW HITPOINT WARNING * * *
You feel sick. The adder closely misses you.
Unknown command.
You feel yourself speed up.
* * * LOW HITPOINT WARNING * * *
You feel sick. The adder bites you.
You die...

#.# #.### #.# #.#
.... #.# #.#
....###.# #.#
#.>...)########.#
#...............#
#......##.#####.#
####......# #.#
#...@$....#####.#####
#.##S.##.............
#...########..#####
......# #..#####
#.###.## #....... ..
#.# #.###### . #.#
#..###.# #.#
#######.##.#. #.
..........###


You could see an adder.

Vanquished Creatures
  A giant cockroach (D:4)
  2 goblins (D:4)
3 creatures vanquished.

Notes
Turn   | Place    | Note
-------+----------+-------------------------------------------
     0 | D:5      | comborobin the Minotaur Delver began the quest for the Orb.
     0 | D:5      | Reached XP level 1. HP: 19/19 MP: 0/0
     1 | D:6      | Noticed a wyvern
   243 | D:4      | HP: 1/20 [poisoned by an adder]
   243 | D:4      | Slain by an adder

Illustrated notes

Levels and vault maps discovered:
D:4:      layout_loops_ring, serial_shops, shop, minmay_surrounded
D:5:      layout_basic, lemuel_tele_altar, mainiacjoe_overflow_paths,
          minmay_misc_feat_columns, nicolae_specific_store, minivault_24
D:6:      layout_cave_pools, serial_rivers, chequers_serial_rivers_small_a,
          chequers_serial_rivers_micro_c, chequers_serial_rivers_large_a,
          chequers_serial_rivers_room_a, chequers_serial_rivers_micro_a,
          grunt_ministairs_2, minmay_strange_pillars, kennysheep_crisscross,
          nicolae_half_adder

Action                     || total
---------------------------++-------
  Melee: Hand axe          ||    10
    Use: Scroll            ||     1
         Potion            ||     1
   Stab: Sleeping          ||     3
 Armour: Leather armour    ||     3
  Dodge: Dodged            ||     5
